 Dungeon Crawl Stone Soup version 0.20-a0-1122-gb7cbeb9 (webtiles) character file.

143295 RKaid the Whirler (level 17, -5/117 HPs)
             Began as a Halfling Arcane Marksman on May 10, 2017.
             Was an Elder of Fedhas.
             Slain by an emperor scorpion (6 damage)
             ... on level 4 of the Spider Nest on May 11, 2017.
             The game lasted 03:34:51 (43974 turns).

RKaid the Whirler (Halfling Arcane Marksman)       Turns: 43974, Time: 03:34:52

Health: -5/117     AC: 12    Str: 12      XL:     17   Next: 99%
Magic:  7/31       EV: 12    Int: 13      God:    Fedhas [****..]
Gold:   1592       SH:  0    Dex: 18 (19) Spells: 21/37 levels left

rFire    + + .     SeeInvis +   a - +5 fustibalus (freeze)
rCold    + . .     Gourm    .   V - +0 buckler
rNeg     . . .     Faith    .   T - +1 leather armour "Zayr" {rF++}
rPois    +         Spirit   .   i - +1 hat
rElec    +         Reflect  .   w - +2 cloak
rCorr    .         Harm     .   O - +2 pair of gloves
MR       +....                  (no boots)
Stlth    +.........             o - amulet of magic regeneration {+MPregen}
Regen    0.3/turn               Y - ring of poison resistance {rPois}
MPRegen  0.4/turn               D - ring of Amelioration {rC+ SInv}

@: very slightly contaminated, held, invisible
A: mutation resistance 1, electricity resistance
a: Fungal Bloom, Evolution, Sunlight, Growth, Reproduction, Renounce Religion


You were on level 4 of the Spider Nest.
You worshipped Fedhas.
Fedhas was greatly pleased with you.
You were full.

You visited 4 branches of the dungeon, and saw 26 of its levels.
You also visited: Ice Cave.

You collected 1969 gold pieces.
You spent 377 gold pieces at shops.

Inventory:

Hand Weapons
 a - a +5 fustibalus of freezing (weapon)
   (You acquired it on level 1 of the Lair of Beasts)
 b - a +5 short sword
   (You took it off a wight on level 10 of the Dungeon)
 F - the +6 short sword of the Hidden Vale {elec, Int+2, unknown}
   (You found it on level 4 of the Spider Nest)

   Occasionally, upon striking a foe, it will discharge some electrical energy
   and cause terrible harm.
   It affects your intelligence (+2).
 U - a +0 long sword of venom
   (You found it on level 2 of the Spider Nest)
Missiles
 q - 55 sling bullets (quivered)
 v - 27 tomahawks
 K - 3 throwing nets {=f}
 Q - 187 stones
Armour
 i - a +1 hat (worn)
   (You found it on level 3 of the Spider Nest)
 w - a +2 cloak (worn)
   (You found it on level 11 of the Dungeon)
 E - a +0 troll leather armour {regen}
   (You found it on level 12 of the Dungeon)
 O - a +2 pair of gloves (worn)
   (You found it on level 3 of the Dungeon)
 R - a +0 ring mail of magic resistance
   (You acquired it on level 10 of the Dungeon)
 T - the +1 leather armour "Zayr" (worn) {rF++}
   (You found it on level 4 of the Lair of Beasts)

   It greatly protects you from fire.
 V - a +0 buckler (worn)
   (You took it off a spriggan on level 1 of the Lair of Beasts)
Magical Staves
 z - an uncursed staff of poison {rPois}
   (You found it on level 6 of the Lair of Beasts)
Jewellery
 e - a +5 ring of protection
   (You found it on level 14 of the Dungeon)
 o - an amulet of magic regeneration (around neck) {+MPregen}
   (You found it on level 12 of the Dungeon)
 t - an uncursed ring of protection from fire {rF+}
   (You found it on level 2 of the Dungeon)
 D - the ring of Amelioration (right hand) {rC+ SInv}
   (You bought it in a shop on level 8 of the Dungeon)

   [ring of see invisible]

   It protects you from cold.
   It lets you see invisible.
 Y - a ring of poison resistance (left hand) {rPois}
   (You found it on level 5 of the Lair of Beasts)
Wands
 l - a wand of acid (0/15)
   (You found it on level 3 of the Dungeon)
 r - a wand of clouds (0/9)
   (You took it off Ijyb on level 4 of the Dungeon)
 P - a wand of digging (16/24)
   (You found it on level 2 of the Spider Nest)
Scrolls
 c - 2 scrolls of blinking {!r}
 g - 7 scrolls of teleportation
 h - a scroll of holy word {!r}
 k - a scroll of recharging
 n - a scroll of summoning {unknown}
 p - 4 scrolls of enchant armour
 s - 14 scrolls of remove curse
 C - 3 scrolls of magic mapping {!r}
 H - 3 scrolls of fog
 J - 5 scrolls of enchant weapon
 N - 5 scrolls of fear
Potions
 j - 10 potions of curing
 m - 4 potions of brilliance
 u - 5 potions of mutation {!q!q}
 x - 2 potions of resistance
 y - a potion of might {unknown}
 A - 3 potions of agility
 B - 4 potions of heal wounds
 G - 2 potions of haste
 L - 2 potions of berserk rage {!q}
 M - a potion of cancellation
 W - a potion of ambrosia
 X - a potion of flight {unknown}
Miscellaneous
 Z - a lightning rod (2/4)
   (You found it on level 5 of the Lair of Beasts)
Comestibles
 d - 7 fruits {!e}
 f - 17 bread rations


   Skills:
 + Level 11.5 Fighting
 - Level 15.0 Slings
 - Level 6.0 Armour
 + Level 10.6 Dodging
 - Level 7.0 Shields
 + Level 10.8 Spellcasting
 - Level 8.1 Hexes
 - Level 3.0 Translocations
 - Level 11.0 Poison Magic
 - Level 12.2 Invocations
 - Level 5.0 Evocations


You had 21 spell levels left.
You knew the following spells:

 Your Spells              Type           Power        Failure   Level  Hunger
a - Corona                Hex            ####...      1%          1    None
b - Slow                  Hex            ####....     1%          2    None
c - Portal Projectile     Hex/Tloc       ###...       3%          3    #......
d - Confuse               Hex            ####....     1%          3    #......
e - Tukima's Dance        Hex            ####....     1%          3    #......
f - Olgreb's Toxic Radia  Pois           #####...     1%          4    ###....


Dungeon Overview and Level Annotations

Branches:
Dungeon (15/15)            Temple (1/1) D:5            Lair (6/6) D:10
 Shoals (0/4) Lair:3       Spider (4/4) Lair:2        Slime (0/5) Lair:5
    Orc (0/2) D:10         Vaults (0/5) D:14         Depths (0/5) D:15

Altars:
Ashenzari
Cheibriados
Dithmenos
Elyvilon
Fedhas
Gozag
Hepliaklqana
Kikubaaqudgha
Makhleb
Nemelex Xobeh
Okawaru
Qazlal
Ru
Sif Muna
Trog
Uskayaw
Vehumet
Wu Jian
Xom
Yredelemnul
Zin
The Shining One
Jiyva

Shops:
D:8 =   D:10 (

Annotations:
Spider:3 1 runed door


Innate Abilities, Weirdness & Mutations

You are small and have problems with some larger weapons.
You are somewhat resistant to further mutation.
You are resistant to electric shocks. (rElec)


Message History

Aim: an emperor scorpion (freezing vapour, heavily wounded)
The thunderbolt hits the emperor scorpion. x2
Your wandering mushroom closely misses the emperor scorpion.
The emperor scorpion is engulfed in freezing vapours.
The emperor scorpion barely misses you.
The emperor scorpion completely misses you.
The emperor scorpion claws you but does no damage.
The emperor scorpion is engulfed in freezing vapours.
The emperor scorpion stings your wandering mushroom!!
Your wandering mushroom is destroyed!
You feel a little guilty.
The emperor scorpion is engulfed in freezing vapours. x2
Press: ? - help, v - describe, . - travel
Here: an emperor scorpion (moderately wounded)
The floor.
You feel much better.
The emperor scorpion is engulfed in freezing vapours.
The emperor scorpion stings you!! The emperor scorpion misses you.
The emperor scorpion claws you.
The emperor scorpion is engulfed in freezing vapours.
The emperor scorpion barely misses you.
You block the emperor scorpion's attack. x2
Press: ? - help, v - describe, . - travel
Here: an emperor scorpion (moderately wounded)
The floor, spattered with blood.
You fade into invisibility!
The emperor scorpion completely misses you.
You block the emperor scorpion's attack.
The emperor scorpion claws you. The emperor scorpion misses you. x3
You are very lightly contaminated with residual magic.
Evoke which item? (* to show all) (? for menu, Esc to quit)
Aiming: Cloud Cone
Press: ? - help, Dir - move target cursor, f/p - emperor scorpion
Aim: an emperor scorpion (severely wounded)
You create a blast of freezing vapour!
This wand has 1 charge left.
The emperor scorpion is engulfed in freezing vapours. x2
The emperor scorpion completely misses you. x2
The emperor scorpion claws you. The emperor scorpion stings you!
The emperor scorpion barely misses you.
The emperor scorpion closely misses you.
Evoke which item? (* to show all) (? for menu, Esc to quit)
Aiming: Thunderbolt
Press: ? - help, Shift-Dir - straight line, f - emperor scorpion, p - emperor scorpion
Aim: an emperor scorpion (freezing vapour, severely wounded)
The thunderbolt hits the emperor scorpion. x2
The emperor scorpion is engulfed in freezing vapours. x3
The emperor scorpion closely misses you.
The emperor scorpion completely misses you. x2
The emperor scorpion is engulfed in freezing vapours.
You block the emperor scorpion's attack.
The emperor scorpion misses you.
The emperor scorpion claws you but does no damage.
The emperor scorpion is engulfed in freezing vapours. x2
Evoke which item? (* to show all) (? for menu, Esc to quit)
Aiming: Cloud Cone
Press: ? - help, Dir - move target cursor, f/p - emperor scorpion
Aim: an emperor scorpion (freezing vapour, almost dead)
Okay, then.
Okay, then.
Okay, then.
The emperor scorpion is engulfed in freezing vapours.
You block the emperor scorpion's attack.
The emperor scorpion completely misses you. x2
Okay, then.
Really read
c - 3 scrolls of blinking {!r}?
Blink to where?
Press: ? - help, Dir - move target cursor, p - emperor scorpion
As you read the scroll of blinking {!r}, it crumbles to dust.
Evoke which item? (* to show all) (? for menu, Esc to quit)
Aiming: Cloud Cone
Press: ? - help, Dir - move target cursor
Okay, then.
You are caught in the web!
There is a web here.
Evoke which item? (* to show all) (? for menu, Esc to quit)
Aiming: Cloud Cone
Press: ? - help, Dir - move target cursor, f - emperor scorpion
Aim: an emperor scorpion (heavily wounded)
You create a blast of poison gas!
This wand has 0 charges left.
You struggle to detach yourself from the web.
The emperor scorpion tears through a web.
You struggle to detach yourself from the web.
The emperor scorpion stings you!
* * * LOW HITPOINT WARNING * * *
The emperor scorpion claws you but does no damage. x2
The emperor scorpion stings you!
* * * LOW HITPOINT WARNING * * *
You are lethally poisoned!
The emperor scorpion poisons you! The emperor scorpion claws you.
* * * LOW HITPOINT WARNING * * *
The emperor scorpion barely misses you.
You feel better.
The emperor scorpion stings you but does no damage.
The emperor scorpion closely misses you. x2
The emperor scorpion stings you!!
* * * LOW HITPOINT WARNING * * *
The emperor scorpion completely misses you.
The emperor scorpion claws you.
You die...
Fedhas appreciates your contribution to the ecosystem.

##### #### ###§§≈#
###≈≈#######ss§§≈#####
#...≈≈≈#.≈.@ss§§.≈≈≈≈##
#..≈≈≈≈..≈##§§##....≈≈#####
##.##≈...###..##≈≈#≈..≈#≈≈≈
###≈..≈## #≈.(#####≈...≈≈≈
#...≈# ##((# #....≈##
##≈.≈## #''# ##≈≈...#
##^.^## .†##. ###≈..#
#≈.≈#####... .. ##≈.≈
#≈..#^.##... ... #.≈.


You could see 4 emperor scorpions.

Vanquished Creatures
  The ghost of Angani the Thaumaturge, an adept GnSk of Dithmenos (Spider:3)
  2 emperor scorpions
  4 ghost moths
  An entropy weaver (Spider:3)
  A dire elephant (Lair:6)
  6 hydras
  A vault guard (D:14)
  The ghost of busta the Cleaver, a journeyman DsFi of Okawaru (D:11)
  3 catoblepae (Lair:6)
  An anaconda (Lair:6)
  Erica (D:11)
  2 centaur warriors
  10 two-headed ogres
  An ogre mage (D:15)
  A death yak (D:8)
  2 tengu warriors (D:13)
  4 unseen horrors
  6 skeletal warriors
  2 wizards (D:15)
  A lindwurm (Lair:6)
  A necromancer (D:14)
  3 deep elf magi
  A wolf spider zombie (D:14)
  14 ugly things
  22 wolf spiders
  12 orb spiders
  2 cyclopes
  3 manticores
  3 elephants (Lair:6)
  8 black mambas
  2 moths of wrath
  2 torpor snails
  11 spiny frogs
  A naga mage (D:15)
  A gargoyle (D:11)
  3 rime drakes (Lair:6)
  An ice devil (D:14)
  6 komodo dragons
  11 demonic crawlers
  45 jumping spiders
  4 trolls
  A queen bee (shapeshifter) (D:14)
  6 hornets
  12 blink frogs
  9 dream sheep (Lair:6)
  11 hippogriffs
  3 shadows
  5 spriggans
  74 redbacks
  3 basilisks
  5 wyverns
  A wraith (D:11)
  29 tarantellas
  39 yaks
  A steam dragon (D:12)
  A hog (Lair:4)
  2 hungry ghosts
  10 vampire mosquitoes
  An insubstantial wisp (D:12)
  A floating eye (shapeshifter) (D:15)
  6 porcupines
  13 water moccasins
  An ice beast (D:11)
  6 sky beasts
  3 orc warriors
  The ghost of Trigun the Skirmisher, an amateur MiFi (D:3)
  An eye of draining (D:13)
  2 phantoms
  A black bear (D:7)
  4 ogres
  13 wolves
  A necrophage (D:12)
  18 centaurs
  12 crocodiles
  15 bullfrogs
  2 scorpions
  5 wights
  2 killer bees (D:11)
  4 electric eels
  2 howler monkeys
  2 wandering mushrooms
  6 crimson imps
  A bullfrog zombie (D:13)
  A quasit (D:9)
  2 iron imps
  2 centaur zombies
  2 jellies
  4 hounds
  14 centaur skeletons
  6 orc priests
  8 orc wizards
  4 bullfrog skeletons
  Ijyb (D:4)
  5 iguanas
  6 worker ants
  3 polar bear simulacra (D:14)
  4 wolf simulacra (D:14)
  A worker ant zombie (D:11)
  9 gnolls
  A howler monkey skeleton (D:11)
  10 adders
  3 shadow imps
  2 oozes
  An adder skeleton (D:8)
  4 worms
  3 dart slugs (D:1)
  4 leopard geckos
  44 orcs
  7 giant cockroaches
  9 goblins
  9 hobgoblins
  13 jackals
  5 quokkas
  11 bats
  8 frilled lizards
  A goblin skeleton (D:8)
  4 hobgoblin skeletons (D:8)
  A jackal skeleton (D:6)
  6 kobolds
  A kobold skeleton (D:8)
  3 orc skeletons (D:8)
  A quokka zombie (D:6)
  10 rats
  3 river rat simulacra (D:14)
778 creatures vanquished.

Vanquished Creatures (collateral kills)
  Kirke (Lair:4)
  Snorg (Lair:4)
  Harold (Lair:4)
  A catoblepas (D:14)
  2 two-headed ogres
  4 skeletal warriors (D:15)
  A lindwurm (Lair:6)
  6 wolf spiders
  2 ugly things (D:15)
  3 elephants
  2 torpor snails
  A black mamba (Lair:6)
  A centaur skeleton (D:15)
  3 spiny frogs
  3 komodo dragons
  3 rime drakes
  A freezing wraith (D:15)
  2 demonic crawlers (Spider:2)
  An ice devil (D:14)
  5 jumping spiders
  A hornet (D:11)
  A snapping turtle (Lair:3)
  A dream sheep (Lair:6)
  3 hippogriffs
  9 redbacks
  2 spriggans (Lair:1)
  2 wraiths (D:9)
  A wyvern (Lair:3)
  3 tarantellas
  A vampire (D:10)
  A shadow (D:15)
  3 basilisks
  10 yaks
  A hog (Lair:4)
  2 hungry ghosts
  An insubstantial wisp (D:12)
  4 water moccasins
  A porcupine (Lair:1)
  A wandering mushroom (Lair:1)
  4 orc warriors
  A sky beast (D:11)
  A black bear (Lair:1)
  An ogre (D:15)
  A centaur (D:15)
  8 wolves
  3 crocodiles
  11 bullfrogs
  3 wights
  3 killer bees (D:11)
  2 crimson imps
  2 hounds (D:10)
  A quasit (D:9)
  3 orc priests (D:11)
  2 bullfrog skeletons (D:9)
  An orc wizard (D:9)
  A worker ant (D:10)
  An adder skeleton (D:8)
  5 orcs
  A bat (D:3)
147 creatures vanquished.

Vanquished Creatures (others)
  A wolf spider (Spider:1)
  2 jumping spiders
  A human (Lair:5)
  A dancing weapon (D:15)
  A hornet zombie (D:11)
  A necrophage (D:12)
  61 wandering mushrooms
  24 fungi
  18 plants
  578 toadstools
688 creatures vanquished.

Grand Total: 1613 creatures vanquished

Notes
Turn   | Place    | Note
-------+----------+-------------------------------------------
     0 | D:1      | RKaid the Halfling Arcane Marksman began the quest for the Orb.
     0 | D:1      | Reached XP level 1. HP: 12/12 MP: 2/2
    11 | D:1      | Reached skill level 1 in Fighting
    15 | D:1      | Reached XP level 2. HP: 12/18 MP: 3/3
   640 | D:1      | Reached XP level 3. HP: 22/23 MP: 4/4
  1124 | D:1      | Learned a level 2 spell: Slow
  1322 | D:2      | Reached skill level 4 in Slings
  1421 | D:2      | Reached XP level 4. HP: 21/28 MP: 6/6
  2689 | D:3      | Found a stormy altar of Qazlal.
  2690 | D:3      | Found a blossoming altar of Fedhas.
  2722 | D:3      | Became a worshipper of Fedhas Madash
  2805 | D:3      | Noticed Trigun's ghost (amateur MiFi)
  3201 | D:3      | Reached skill level 2 in Fighting
  3201 | D:3      | Reached XP level 5. HP: 34/34 MP: 7/7
  3390 | D:2      | Reached skill level 5 in Slings
  3632 | D:2      | HP: 8/34 [gnoll/spear (9)]
  3691 | D:2      | HP: 7/34 [gnoll/spear (8)]
  4415 | D:3      | Reached skill level 3 in Hexes
  4912 | D:4      | Noticed an ogre
  4912 | D:4      | Reached XP level 6. HP: 40/41 MP: 8/8
  4918 | D:4      | Killed an ogre
  4918 | D:4      | Reached skill level 6 in Slings
  5142 | D:4      | Noticed Ijyb
  5329 | D:4      | Reached skill level 3 in Fighting
  5329 | D:4      | Reached XP level 7. HP: 32/46 MP: 9/9
  5557 | D:4      | Learned a level 3 spell: Portal Projectile
  5581 | D:4      | Reached skill level 7 in Slings
  5582 | D:4      | Found a sparkling altar of Nemelex Xobeh.
  5699 | D:4      | Killed Ijyb
  5755 | D:4      | Found a glowing silver altar of Zin.
  5934 | D:5      | Entered Level 5 of the Dungeon
  6024 | D:5      | Found a blossoming altar of Fedhas.
  6165 | D:5      | Reached skill level 1 in Translocations
  6490 | D:5      | Found a staircase to the Ecumenical Temple.
  6500 | Temple   | Entered the Ecumenical Temple
  6761 | D:5      | HP: 9/46 [orc wizard/dagger (4)]
  7164 | D:5      | Reached skill level 8 in Slings
  7230 | D:5      | Reached skill level 2 in Translocations
  7368 | D:6      | Reached XP level 8. HP: 41/54 MP: 8/10
  8059 | D:6      | Reached skill level 4 in Hexes
  8282 | D:6      | Reached skill level 4 in Fighting
  8282 | D:6      | Reached skill level 9 in Slings
  8282 | D:6      | Reached skill level 2 in Spellcasting
  9267 | D:7      | Reached skill level 1 in Evocations
  9426 | D:7      | Reached skill level 10 in Slings
  9426 | D:7      | Reached XP level 9. HP: 39/58 MP: 8/12
  9603 | D:7      | Reached skill level 2 in Evocations
  9713 | D:7      | Found a snail-covered altar of Cheibriados.
  9958 | D:7      | Reached skill level 3 in Dodging
 10466 | D:8      | Reached skill level 1 in Armour
 10489 | D:8      | Reached * piety under Fedhas
 10548 | D:8      | Found a glowing golden altar of the Shining One.
 10565 | D:8      | Reached skill level 3 in Translocations
 10774 | D:8      | Noticed a two-headed ogre
 11002 | D:8      | Killed a two-headed ogre
 11002 | D:8      | Reached skill level 3 in Armour
 11002 | D:8      | Reached skill level 4 in Dodging
 11002 | D:8      | Reached skill level 5 in Hexes
 11182 | D:8      | Found Itoxax's Jewellery Emporium.
 11271 | D:8      | Reached skill level 5 in Dodging
 11314 | D:8      | Found an ornate altar of the Wu Jian Council.
 11646 | D:8      | Reached skill level 4 in Armour
 11656 | D:8      | Noticed a death yak
 11662 | D:8      | Reached XP level 10. HP: 56/65 MP: 13/13
 11673 | D:8      | Killed a death yak
 11673 | D:8      | Reached skill level 5 in Fighting
 11673 | D:8      | Reached skill level 6 in Dodging
 11673 | D:8      | Reached skill level 3 in Spellcasting
 11744 | D:8      | Reached skill level 7 in Dodging
 11902 | D:8      | Reached skill level 4 in Spellcasting
 11934 | D:8      | Reached skill level 1 in Invocations
 12034 | D:8      | Reached skill level 6 in Fighting
 12481 | D:9      | Reached skill level 2 in Invocations
 12628 | D:9      | Reached XP level 11. HP: 71/72 MP: 17/17
 12677 | D:9      | Reached skill level 3 in Invocations
 13090 | D:9      | Found a deep blue altar of Sif Muna.
 13114 | D:9      | Noticed a two-headed ogre
 13140 | D:9      | Killed a two-headed ogre
 13140 | D:9      | Reached skill level 11 in Slings
 13140 | D:9      | Reached skill level 4 in Invocations
 13147 | D:9      | Reached skill level 5 in Spellcasting
 13181 | D:9      | Reached ** piety under Fedhas
 13563 | D:10     | Entered Level 10 of the Dungeon
 13652 | D:10     | Found a staircase to the Lair.
 13652 | D:10     | Noticed an elephant
 13669 | D:10     | Killed an elephant
 13669 | D:10     | Reached skill level 6 in Hexes
 13679 | D:10     | Reached skill level 5 in Invocations
 13870 | D:10     | Noticed an unseen horror
 13881 | D:10     | Killed an unseen horror
 13881 | D:10     | Reached skill level 12 in Slings
 14179 | D:10     | Found a staircase to the Orcish Mines.
 14183 | D:10     | Found Hicerio's Weapon Shoppe.
 14558 | D:10     | Noticed a two-headed ogre
 14581 | D:10     | Killed a two-headed ogre
 14581 | D:10     | Reached skill level 6 in Invocations
 14644 | D:10     | Learned a level 3 spell: Confuse
 14648 | D:10     | Learned a level 3 spell: Tukima's Dance
 14653 | D:10     | Learned a level 4 spell: Olgreb's Toxic Radiance
 15043 | D:10     | Identified a scroll of acquirement
 15133 | Lair:1   | Entered Level 1 of the Lair of Beasts
 15217 | Lair:1   | Reached skill level 1 in Poison Magic
 15561 | Lair:1   | Reached skill level 2 in Poison Magic
 15717 | Lair:1   | Reached XP level 12. HP: 37/79 MP: 13/19
 16132 | Lair:1   | Reached skill level 5 in Armour
 16456 | Lair:1   | Reached skill level 7 in Hexes
 16458 | Lair:1   | Reached skill level 7 in Invocations
 16466 | Lair:1   | Reached skill level 3 in Poison Magic
 17054 | Lair:2   | Lair:2 and 3 acquirements!
 17244 | Lair:2   | Found a hole to the Spider Nest.
 17974 | Lair:3   | Noticed a five-headed hydra
 17981 | Lair:3   | Killed a five-headed hydra
 18029 | Lair:3   | Reached skill level 13 in Slings
 18052 | Lair:3   | Reached skill level 6 in Armour
 18335 | Lair:3   | Reached skill level 4 in Poison Magic
 18612 | Lair:3   | Found a staircase to the Shoals.
 18756 | Lair:3   | Reached skill level 8 in Invocations
 19031 | Lair:4   | Noticed Kirke
 19453 | Lair:4   | Killed Kirke
 19453 | Lair:4   | Reached skill level 5 in Poison Magic
 19453 | Lair:4   | Reached XP level 13. HP: 82/83 MP: 17/20
 19533 | Lair:4   | Reached skill level 8 in Hexes
 19583 | Lair:4   | Noticed Snorg
 19588 | Lair:4   | Killed Snorg
 19588 | Lair:4   | Reached skill level 14 in Slings
 19909 | Lair:4   | Noticed Harold
 19926 | Lair:4   | Killed Harold
 20257 | Lair:4   | Got a spiked leather armour
 20367 | Lair:4   | Identified the +1 leather armour "Zayr" {rF++} (You found it on level 4 of the Lair of Beasts)
 20539 | Lair:5   | Reached skill level 9 in Invocations
 20540 | Lair:5   | Reached skill level 1 in Shields
 20723 | Lair:5   | Reached skill level 6 in Poison Magic
 20735 | Lair:5   | Found a viscous altar of Jiyva.
 20737 | Lair:5   | Found a staircase to the Slime Pits.
 21012 | Lair:5   | Reached skill level 2 in Shields
 21741 | Lair:6   | Entered Level 6 of the Lair of Beasts
 21950 | Lair:6   | Reached skill level 3 in Shields
 22527 | D:8      | Bought the ring of Amelioration {rC+ SInv} for 377 gold pieces
 23179 | Lair:6   | Reached skill level 6 in Spellcasting
 23200 | Lair:6   | Noticed a six-headed hydra
 23205 | Lair:6   | Killed a six-headed hydra
 23210 | Lair:6   | Reached skill level 4 in Shields
 23288 | Lair:6   | Reached skill level 7 in Poison Magic
 23322 | Lair:6   | Reached skill level 10 in Invocations
 23677 | Lair:6   | Reached XP level 14. HP: 90/90 MP: 23/23
 24200 | Lair:6   | Reached skill level 5 in Shields
 24466 | Lair:6   | HP: 22/90 [catoblepas (23)]
 25061 | Lair:6   | Noticed a dire elephant
 25081 | Lair:6   | Killed a dire elephant
 25302 | Lair:6   | Reached skill level 8 in Poison Magic
 25321 | Lair:6   | Reached skill level 7 in Spellcasting
 26572 | D:3      | Killed Trigun's ghost
 26572 | D:3      | Reached skill level 11 in Invocations
 26833 | D:11     | Noticed busta's ghost (journeyman DsFi)
 27722 | D:11     | Noticed Erica
 27734 | D:11     | Killed Erica
 28034 | D:11     | Killed busta's ghost
 28034 | D:11     | Reached skill level 9 in Poison Magic
 28428 | D:12     | Reached skill level 7 in Fighting
 28795 | D:12     | Upgraded the game from 0.20-a0-1118-g35a2cd3 to 0.20-a0-1122-gb7cbeb9
 28812 | D:12     | Reached XP level 15. HP: 87/97 MP: 26/26
 28924 | D:12     | Gained mutation: You are resistant to electric shocks. (rElec) [mutagenic meat]
 29196 | D:12     | Reached skill level 6 in Shields
 30540 | D:13     | Reached skill level 8 in Spellcasting
 30598 | D:14     | Found a frozen archway.
 30605 | IceCv    | Entered an ice cave
 31653 | D:14     | Reached skill level 7 in Shields
 32140 | D:14     | Found a gate to the Vaults.
 32215 | D:14     | Reached skill level 12 in Invocations
 32298 | D:14     | Reached skill level 8 in Fighting
 32407 | D:14     | Reached skill level 10 in Poison Magic
 32661 | D:14     | HP: 16/99 [six-headed hydra (10)]
 33383 | D:15     | Entered Level 15 of the Dungeon
 33768 | D:15     | Reached skill level 3 in Evocations
 34022 | D:15     | Reached skill level 8 in Dodging
 34954 | D:15     | Reached XP level 16. HP: 106/106 MP: 28/28
 35289 | D:15     | Reached skill level 4 in Evocations
 35413 | D:15     | Reached skill level 9 in Fighting
 35444 | D:15     | Found a staircase to the Depths.
 36087 | D:14     | Reached skill level 9 in Dodging
 36394 | Spider:1 | Entered Level 1 of the Spider Nest
 36482 | Spider:1 | Reached skill level 5 in Evocations
 36540 | Spider:1 | Reached skill level 11 in Poison Magic
 38484 | Spider:2 | Reached skill level 10 in Dodging
 38827 | Spider:2 | Reached skill level 10 in Fighting
 38838 | Spider:2 | Reached *** piety under Fedhas
 38966 | Spider:2 | Reached skill level 9 in Spellcasting
 39264 | Spider:2 | Reached XP level 17. HP: 115/115 MP: 30/30
 39761 | Spider:3 | Noticed Angani's ghost (adept GnSk)
 39828 | Spider:3 | Killed Angani's ghost
 40668 | Spider:3 | Found a runed door.
 41070 | Spider:3 | Reached skill level 10 in Spellcasting
 41555 | Spider:3 | Reached **** piety under Fedhas
 42070 | Spider:4 | Entered Level 4 of the Spider Nest
 42483 | Spider:4 | Reached skill level 11 in Fighting
 42862 | Spider:4 | Reached skill level 15 in Slings
 42985 | Spider:4 | Got a slimy short sword
 43973 | Spider:4 | HP: 27/117 [emperor scorpion (11)]
 43974 | Spider:4 | HP: 1/117 [emperor scorpion (25)]
 43974 | Spider:4 | Slain by an emperor scorpion

Vault maps used:
D:1:      dpeg_arrival_pond
D:2:      first_bread
D:3:      grunt_temple_overflow_forces_of_nature
D:4:      zin_statuary, kennysheep_nondescript, nemelex_dance_club_becter,
          uniq_ijyb
D:5:      minmay_temple_entry_grid, fedhas_altar_fruit_tree
D:6:      grunt_decor_mini_mirrors
D:7:      slow_altar_1
D:8:      argonaut_augean_stables, nicolae_tso_besieged_by_evil, basic_altar,
          serial_shops, nicolae_shop_waterfront, the_bakery
D:9:      led_sif_pool
D:10:     david_lair_generic, orc_david_3
D:11:     uniq_erica
D:12:     nicolae_twisting_strands, hangedman_misty_isle
D:14:     david_vaults_5, portal_ice_cave_entry_pillars_2,
          eino_house_with_fridge
D:15:     grunt_enter_depths_magical_seal, serial_park_gazebo
Temple:   lightli_temple_of_artemis
Lair:1:   kb_forest_paths, beast_lair_carwin_1
Lair:2:   spider_nest_entry_webs
Lair:3:   minmay_shoals_entry_hut, serial_bayou_shore_a, grunt_megastairs_5
Lair:4:   minivault_25, infiniplex_staircase_pool_2, uniq_harold, uniq_snorg,
          uniq_kirke
Lair:5:   minmay_lair_oklob_tunnel, slime_altar_1, grunt_megastairs_2,
          serial_bayou_shore_b
Lair:6:   hangedman_lair_in_review
Spider:2: spider_trap
Spider:3: cheibrodos_spider_deadly_dance, spiders_nest_spider_trap
Spider:4: spider_rune_water
IceCv:    ice_cave_tombish

Skill      XL: |  1  2  3  4  5  6  7  8  9 10 11 12 13 14 15 16 17 |
---------------+----------------------------------------------------+-----
Fighting       | 1 2 3 4 6 7 8 10 11 | 11.5
Slings         | 4 5 6 8 10 12 13 14 15 | 15.0
Hexes          | 3 4 5 6 7 8 |  8.1
Translocations | 2 3 |  3.0
Spellcasting   | 2 4 5 6 7 8 9 10 | 10.8
Evocations     | 1 2 3 5 |  5.0
Dodging        | 5 7 8 10 | 10.6
Armour         | 4 6 |  6.0
Invocations    | 2 6 8 10 11 12 | 12.2
Poison Magic   | 2 5 7 9 10 11 | 11.0
Shields        | 4 5 7 |  7.0

Action                   |  1- 3 |  4- 6 |  7- 9 | 10-12 | 13-15 | 16-18 || total
-------------------------+-------+-------+-------+-------+-------+-------++-------
Melee: Short sword       |       |    89 |    28 |    31 |     3 |       ||   151
       Hunting sling     |       |       |       |     2 |       |       ||     2
 Fire: Hunting sling     |   130 |   206 |   553 |   661 |       |       ||  1550
       Fustibalus        |       |       |       |   216 |  1647 |  1242 ||  3105
 Cast: Slow              |       |     7 |    15 |       |       |       ||    22
       Corona            |       |     5 |    16 |     9 |       |       ||    30
       Confuse           |       |       |       |     5 |     8 |     4 ||    17
       Portal Projectile |       |       |       |     2 |     4 |       ||     6
       Tukima's Dance    |       |       |       |       |     4 |     2 ||     6
       Olgreb's Toxic Ra |       |       |       |       |     1 |    27 ||    28
Invok: Fungal Bloom      |       |     8 |    13 |    38 |    55 |    63 ||   177
       Evolution         |       |       |     3 |    19 |    25 |    18 ||    65
       Sunlight          |       |       |       |     1 |       |       ||     1
Evoke: Wand              |       |     3 |     9 |    13 |    20 |    12 ||    57
       Lightning rod     |       |       |       |       |     4 |     6 ||    10
  Use: Scroll            |       |     4 |    12 |    10 |    18 |     4 ||    48
       Potion            |       |       |       |     1 |       |     4 ||     5
 Stab: Sleeping          |       |     1 |       |       |       |       ||     1
       Paralysed         |       |       |       |     6 |       |       ||     6
  Eat: Chunk             |     1 |     9 |     3 |    15 |    17 |     5 ||    50
       Royal jelly       |       |     2 |       |     3 |     3 |     3 ||    11
       Meat ration       |       |       |     3 |     1 |     4 |     5 ||    13
       Bread ration      |       |       |     1 |       |     1 |       ||     2
Armor: Robe              |    11 |    16 |    53 |       |       |       ||    80
       Ring mail         |       |    17 |       |    19 |       |       ||    36
       Leather armour    |       |       |     7 |    15 |    68 |   159 ||   249
Dodge: Dodged            |    37 |   171 |   205 |   196 |   332 |   658 ||  1599
Block: Buckler           |       |       |       |       |   105 |   249 ||   354

Table legend:
 A = Turns spent in this place as a percentage of turns spent in the entire game.
 B = Non-inter-level travel turns spent in this place as a percentage of non-inter-level travel turns spent in the entire game.
 C = Inter-level travel turns spent in this place as a percentage of turns spent in this place.
 D = Turns resting spent in this place as a percentage of non-inter-level travel turns spent in this place.
 E = Turns spent auto-exploring this place as a percentage of non-inter-level travel turns spent in this place.
 F = Non-inter-level travel turns spent in this place divided by the number of levels of this place that you've seen.
                   A       B       C       D       E      F
               +-------+-------+-------+-------+-------+----------------------
         Total | 100.0 | 100.0 |   0.5 |   2.3 |   2.8 | 614.2
       Dungeon |  55.3 |  55.3 |   0.5 |   2.2 |   3.4 | 611.6
        Temple |   0.2 |   0.2 |   2.7 |   0.0 |   2.8 |  36.0
          Lair |  26.3 |  26.3 |   0.5 |   2.0 |   1.9 | 725.7
   Spider Nest |  17.9 |  17.9 |   0.2 |   3.1 |   2.2 | 744.0
      Ice Cave |   0.3 |   0.3 |   0.0 |   0.0 |   0.0 |  44.0
               +-------+-------+-------+-------+-------+----------------------

Table legend:
 A = Kills in this place as a percentage of kills in entire the game.
 B = Kills by you in this place as a percentage of kills by you in the entire game.
 C = Kills by friends in this place as a percentage of kills by friends in the entire game.
 D = Other kills in this place as a percentage of other kills in the entire game.
 E = Experience gained in this place as a percentage of experience gained in the entire game.
 F = Experience gained in this place divided by the number of levels of this place that you have seen.
                   A       B       C       D       E      F
               +-------+-------+-------+-------+-------+----------------------
         Total | 100.0 | 100.0 | 100.0 | 100.0 | 100.0 | 7581.8
       Dungeon |  51.0 |  52.7 |  42.5 |  42.9 |  35.6 | 4861.1
          Lair |  23.0 |  19.8 |  40.4 |  14.3 |  24.6 | 8400.8
   Spider Nest |  26.0 |  27.6 |  17.1 |  42.9 |  39.8 | 20346.5
               +-------+-------+-------+-------+-------+----------------------
